 Dungeon Crawl Stone Soup version 0.20.1-1-g8b1a95d (webtiles) character file.

81 KingStallion the Slasher (level 4, 0/37 HPs)
             Began as a Barachi Berserker on Aug 9, 2017.
             Was a Follower of Trog.
             Slain by an adder (3 damage)
             ... on level 2 of the Dungeon.
             The game lasted 00:05:02 (1370 turns).

KingStallion the Slasher (Barachi Berserker)        Turns: 1370, Time: 00:05:02

Health: 0/37       AC:  2    Str: 18    XL:     4   Next: 42%
Magic:  4/4        EV: 18    Int:  7    God:    Trog [*.....]
Gold:   102        SH:  0    Dex: 18    Spells: 3/3 levels left

rFire    . . .     SeeInvis .   a - +0 falchion
rCold    . . .     Gourm    .   (no shield)
rNeg     . . .     Faith    .   b - +0 animal skin
rPois    .         Spirit   .   (no helmet)
rElec    .         Reflect  .   (no cloak)
rCorr    .         Harm     .   (no gloves)
MR       .....                  (no boots)
Stlth    +++.......             (no amulet)
Regen    0.2/turn               (no ring)
MPRegen  0.1/turn               (no ring)

@: agile, lethally poisoned (0 -> -16), slow
A: +LOS, swims, slowness 1, strong legs 1
a: Hop, Berserk, Burn Spellbooks, Renounce Religion


You were on level 2 of the Dungeon.
You worshipped Trog.
Trog was aware of your devotion.
You were not hungry.

You visited 1 branch of the dungeon, and saw 2 of its levels.

You collected 102 gold pieces.

Inventory:

Hand Weapons
 a - a +0 falchion (weapon)
Armour
 b - a +0 animal skin (worn)
Wands
 j - a wand of lightning (8/15)
Scrolls
 d - 2 scrolls of identify {unknown}
 e - a scroll of enchant armour {unknown}
 f - 2 scrolls of remove curse {unknown}
 h - 3 scrolls of noise {unknown}
Potions
 k - a potion of might {unknown}
Books
 m - a book of Minor Magic

   Spells                             Type                      Level
   a - Magic Dart                     Conjuration                  1
   b - Blink                          Translocation                2
   c - Call Imp                       Summoning                    2
   d - Slow                           Hexes                        2
   e - Conjure Flame                  Conjuration/Fire             3
   f - Mephitic Cloud                 Conjuration/Poison/Air       3
   Trog disapproves of the use of such an item.
Comestibles
 c - a bread ration
 l - 2 meat rations
 n - a chunk of flesh


   Skills:
 * Level 4.1 Fighting
 * Level 5.0 Long Blades
 * Level 3.2 Armour
 * Level 2.6 Dodging
 * Level 0.7 Unarmed Combat


You had 3 spell levels left.
You didn't know any spells.

Dungeon Overview and Level Annotations

Branches:
Dungeon (2/15)

Altars:
Gozag
Zin

Shops:
D:2 *


Innate Abilities, Weirdness & Mutations

Shadows flee at your approach. (+LOS)
You can swim through water.
You cover ground slowly.
You can hop short distances.


Message History

The adder is severely wounded.
You feel sick. The adder completely misses you.
You closely miss the adder.
The adder is severely wounded.
You feel sick. The adder bites you.
* * * LOW HITPOINT WARNING * * *
You are more poisoned.
The adder poisons you! The adder bites you.
* * * LOW HITPOINT WARNING * * *
You are more poisoned.
The adder poisons you!
It was a potion of magic.
Magic courses through your body.
* * * LOW HITPOINT WARNING * * *
You feel sick. The adder bites you.
* * * LOW HITPOINT WARNING * * *
It was a potion of agility.
You feel agile all of a sudden.
* * * LOW HITPOINT WARNING * * *
You feel sick. The adder bites you.
You die...

.....#.##⌠##.# #.#
#....#..#_#..# #.#
#...........## #.#
#....#.......###.#
#....#...∩........(
#....##......###.##
#.....÷......# #.#
######....#########
#..
#.....S@#>........
...
#.###.............
#.....[<######
###.##### ... ....
##... #.... #....


You could see an adder.

Vanquished Creatures
  A gnoll (D:1)
  2 adders (D:2)
  2 oozes
  A worm (D:2)
  3 dart slugs
  3 leopard geckos
  A giant cockroach (D:1)
  5 hobgoblins
  2 jackals (D:2)
  2 bats (D:1)
  3 frilled lizards
  3 goblins (D:1)
  2 kobolds
  5 rats
35 creatures vanquished.

Notes
Turn   | Place    | Note
-------+----------+-------------------------------------------
     0 | D:1      | KingStallion the Barachi Berserker began the quest for the Orb.
     0 | D:1      | Reached XP level 1. HP: 18/18 MP: 1/1
   273 | D:1      | Reached XP level 2. HP: 24/25 MP: 2/2
   315 | D:1      | Reached skill level 4 in Long Blades
   317 | D:1      | Reached XP level 3. HP: 30/30 MP: 3/3
   771 | D:1      | You fall through a shaft!
   878 | D:2      | Found an opulent altar of Gozag.
   973 | D:2      | Reached XP level 4. HP: 12/37 MP: 4/4
  1207 | D:2      | Reached skill level 5 in Long Blades
  1341 | D:2      | Found Zin's Purification Station.
  1348 | D:2      | Found a glowing silver altar of Zin.
  1370 | D:2      | Slain by an adder

Skill      XL: |  1  2  3  4 |
---------------+-------------+-----
Long Blades    | 4 5 |  5.0
Fighting       | 4 |  4.1
Armour         | 3 |  3.2
Dodging        | |  2.6
Unarmed Combat | |  0.7

Action                   |  1- 3 |  4- 6 || total
-------------------------+-------+-------++-------
Melee: Falchion          |    77 |    23 ||   100
Invok: Berserk           |     3 |       ||     3
  Use: Potion            |     1 |     2 ||     3
 Stab: Sleeping          |     1 |       ||     1
  Eat: Chunk             |     4 |     1 ||     5
Armor: Animal skin       |    10 |     2 ||    12
Dodge: Dodged            |    60 |    18 ||    78
       Rpst.: Falchion   |    16 |     3 ||    19
